AoeStats
← albanplumed

Arena

504571031Analyzed
4v4 RM · 26d ago on Sep 5, 2026· 49m 48s· 8 players
Game mode
Random Map
Map size
Large (8 player)
Population
200
Speed
Normal
Resources
Standard
Victory
Conquest
Starting age
Dark Age
Ending age
Imperial Age
RankedLock teamsTeams togetherTeam positionsShared explorationLock speedFull tech treeHidden civsTurbo modeCheats
Victory
Defeat
🇪🇸 Mongols · Spain
1369
+17
🇺🇸 Portuguese · United States
1358
+17
🇦🇷 Turks · Argentina
1291
+20
🇨🇦 Teutons · Canada
1246
+21
🇹🇷 Persians · Türkiye
1443
-21
🇹🇷 Cumans · Türkiye
1434
-21
🇹🇷 Italians · Türkiye
1349
-18
🇹🇷 Khmer · Türkiye
1274
-15
OsmanAbi
9:46 Feudal Age
14:13 Castle Age
13:52 Double-Bit Axe
13:48 Horse Collar
17:11 Loom
18:42 Wheelbarrow
19:32 Bow Saw
22:01 Town Watch
23:59 Gold Mining
25:12 Fletching
25:57 Hand Cart
26:04 Scale Barding Armor
26:34 Husbandry
26:45 Bloodlines
26:54 Heavy Plow
28:11 Gold Shaft Mining
30:40 Chain Barding Armor
35:23 Imperial Age
34:09 Bodkin Arrow
34:24 Forging
35:27 Town Patrol
35:02 Cavalier
36:07 Conscription
36:26 Hoardings
35:36 Heavy Camel Rider
37:07 Plate Barding Armor
37:34 Padded Archer Armor
38:32 Citadels
39:00 Iron Casting
39:27 Ballistics
39:17 Masonry
39:24 Savar
41:11 Murder Holes
41:47 Architecture
45:22 Blast Furnace
ysk
9:50 Feudal Age
11:04 Double-Bit Axe
14:14 Bloodlines
19:28 Horse Collar
24:33 Castle Age
24:42 Gold Mining
24:43 Light Cavalry
25:25 Husbandry
28:13 Bow Saw
35:28 Imperial Age
35:28 Forging
35:26 Scale Barding Armor
35:31 Forging
35:25 Heavy Plow
35:24 Stone Mining
35:25 Gold Mining
35:28 Stone Mining
36:37 Wheelbarrow
35:49 Loom
35:41 Cavalier
37:43 Chain Barding Armor
37:58 Iron Casting
39:32 Hussar
Sem
7:15 Loom
9:44 Feudal Age
10:54 Double-Bit Axe
24:39 Castle Age
22:59 Horse Collar
30:23 Fletching
albanplumed
11:33 Feudal Age
10:20 Loom
13:01 Loom
16:01 Castle Age
13:54 Horse Collar
14:22 Double-Bit Axe
17:32 Heavy Plow
17:44 Bow Saw
20:49 Wheelbarrow
25:50 Town Watch
36:44 Stone Mining
36:45 Gold Mining
38:00 Hand Cart
40:25 Fletching
40:36 Padded Archer Armor
41:43 Stone Shaft Mining
42:22 Bodkin Arrow
42:42 Leather Archer Armor
43:18 Ballistics
43:54 Masonry
46:52 Imperial Age
49:03 Hoardings
48:59 Bracer
50:02 Chemistry
50:31 Two-Man Saw
LRNI MarinM
9:32 Feudal Age
7:48 Loom
13:07 Castle Age
19:38 Fervor
21:15 Sanctity
22:12 Pikeman
25:10 Redemption
31:26 Imperial Age
29:09 Stone Mining
30:43 Gold Mining
33:00 Theocracy
32:41 Block Printing
32:40 Fletching
37:03 Conscription
39:40 Scale Mail Armor
39:53 Forging
40:45 Chemistry
40:06 Ballistics
39:36 Double-Bit Axe
41:10 Halberdier
42:54 Wheelbarrow
42:05 Town Watch
43:43 Chain Mail Armor
44:18 Arquebus
44:58 Iron Casting
44:33 Padded Archer Armor
45:51 Bodkin Arrow
46:08 Siege Engineers
46:51 Plate Mail Armor
47:13 Thumb Ring
47:28 Leather Archer Armor
48:19 Stone Shaft Mining
47:57 Bow Saw
49:02 Ring Archer Armor
[ZCHE] MALTRATADOR
7:15 Loom
10:21 Feudal Age
13:53 Castle Age
13:48 Double-Bit Axe
19:41 Fletching
20:51 Padded Archer Armor
24:49 Bow Saw
27:29 Wheelbarrow
28:41 Bodkin Arrow
30:44 Horse Collar
34:12 Bloodlines
34:04 Husbandry
35:13 Ballistics
35:55 Thumb Ring
36:11 Leather Archer Armor
37:20 Gold Mining
41:04 Imperial Age
41:19 Heavy Cavalry Archer
42:02 Bracer
42:42 Parthian Tactics
44:22 Chemistry
44:07 Heavy Scorpion
47:05 Gold Shaft Mining
48:32 Drill
LRNI_Bélico
9:37 Feudal Age
10:03 Double-Bit Axe
11:20 Horse Collar
17:28 Forging
19:12 Wheelbarrow
19:03 Scale Barding Armor
19:11 Bloodlines
24:04 Castle Age
24:01 Gold Mining
25:21 Iron Casting
25:39 Bow Saw
25:29 Heavy Plow
25:22 Stone Mining
27:23 Town Watch
27:54 Hand Cart
27:24 Loom
31:07 Chain Barding Armor
33:35 Fletching
41:17 Imperial Age
42:35 Plate Barding Armor
41:27 Cavalier
42:14 Bodkin Arrow
43:48 Blast Furnace
43:20 Ballistics
44:02 Chemistry
43:23 Guard Tower
43:39 Siege Engineers
43:01 Paladin
44:04 Conscription
50:50 Keep
LRNI_UzuI
6:17 Loom
8:52 Feudal Age
9:21 Double-Bit Axe
14:57 Scale Barding Armor
19:11 Wheelbarrow
21:06 Castle Age
19:43 Forging
20:18 Bloodlines
22:20 Wheelbarrow
23:42 Horse Collar
24:10 Town Watch
24:50 Husbandry
26:52 Bow Saw
26:46 Heavy Plow
28:08 Gold Mining
30:20 Gold Shaft Mining
33:57 Imperial Age
31:24 Fletching
32:21 Chain Barding Armor
32:41 Stone Mining
32:52 Murder Holes
33:38 Hand Cart
33:59 Heavy Camel Rider
35:36 Iron Casting
35:39 Artillery
36:53 Bombard Tower
36:14 Treadmill Crane
36:57 Bodkin Arrow
38:26 Blast Furnace
37:56 Conscription
39:18 Plate Barding Armor
39:17 Bracer
40:03 Masonry
40:14 Ballistics
44:07 Two-Man Saw
44:22 Town Patrol
Connection lost

Rejoining the realm…

Still unreachable

The connection could not be restored.

Session expired

The server has moved on; the page needs a fresh start.